 Dungeon Crawl Stone Soup version 0.23.2-1-ga50397a6bc (webtiles) character file.

Game seed: 9979183548487009963

2418 Mrkan the Ruffian (level 9, 0/89 HPs)
             Began as a Troll Hunter on May 20, 2019.
             Was a Follower of Wu Jian.
             Slain by a killer bee (6 damage)
             ... on level 6 of the Dungeon on May 21, 2019.
             The game lasted 00:14:03 (4956 turns).

Mrkan the Ruffian (Troll Hunter)                    Turns: 4956, Time: 00:14:05

Health: 0/89       AC:  6    Str: 24    XL:     9   Next: 24%
Magic:  8/8        EV: 14    Int:  7    God:    Wu Jian [*.....]
Gold:   352        SH:  0    Dex: 11    Spells: 8/8 levels left

rFire    . . .     SeeInvis .     - Unarmed
rCold    . . .     Gourm    +   (no shield)
rNeg     . . .     Faith    .   b - +0 robe
rPois    .         Spirit   .   (helmet restricted)
rElec    .         Reflect  .   (no cloak)
rCorr    .         Harm     .   (gloves unavailable)
MR       .....                  (boots unavailable)
Stlth    +.........             (no amulet)
HPRegen  0.64/turn              J - +3 ring of evasion
MPRegen  0.11/turn              (no ring)

@: lethally poisoned (0 -> -2)
A: large, unfitting armour, claws 3, fast metabolism 3, gourmand, regeneration
1, shaggy fur 1, tough skin 3
a: Renounce Religion


You were on level 6 of the Dungeon.
You worshipped Wu Jian.
Wu Jian was aware of your devotion.
You were full.

You visited 1 branch of the dungeon, and saw 7 of its levels.
You also visited: Ossuary.

You collected 352 gold pieces.

Inventory:

Hand Weapons
 D - a +1 spear of venom
Missiles
 c - 9 large rocks (quivered)
 d - 4 throwing nets
Armour
 b - a +0 robe (worn)
 h - a cursed +1 robe
Jewellery
 i - a +2 ring of protection {unknown}
 n - a cursed -4 ring of protection {unknown}
 s - an uncursed ring of fire {unknown}
 w - an uncursed ring of resist corrosion {unknown}
 y - a cursed ring of attention {unknown}
 E - an uncursed ring of wizardry
 J - a +3 ring of evasion (left claw)
Wands
 H - a wand of flame (41)
 I - a wand of enslavement (12)
Scrolls
 e - 2 scrolls of magic mapping
 g - 3 scrolls of enchant armour
 k - 7 scrolls of remove curse
 l - 4 scrolls of teleportation
 r - a scroll of enchant weapon
 u - 2 scrolls of identify
 v - 3 scrolls of amnesia {unknown}
 K - a scroll of acquirement {unknown}
Potions
 a - 4 potions of curing
 j - 5 potions of heal wounds
 m - 3 potions of degeneration {unknown}
 o - a potion of might {unknown}
 p - 3 potions of berserk rage {unknown}
 q - a potion of mutation {unknown}
 t - a potion of experience {unknown}
 x - a potion of ambrosia {unknown}
 z - 4 potions of flight {unknown}
 A - a potion of magic {unknown}
 B - 2 potions of brilliance {unknown}
 C - 2 potions of cancellation {unknown}
 F - 2 potions of lignification {unknown}
 G - a potion of agility {unknown}
Comestibles
 f - 14 rations


   Skills:
 + Level 6.2 Fighting
 + Level 5.6 Throwing
 + Level 4.1 Dodging
 - Level 0.3 Stealth
 - Level 7.6 Unarmed Combat


You had 8 spell levels left.
You didn't know any spells.
Your spell library contained the following spells:

 Spells                   Type           Power        Failure   Level  Hunger
 Sting                    Conj/Pois      #...         43%         1    ##.....
 Poisonous Vapours        Pois/Air       #.....       56%         2    ###....
 Mephitic Cloud           Conj/Pois/Air  #.......     80%         3    ####...
 Olgreb's Toxic Radiance  Pois           #.......     99%         4    #####..
 Venom Bolt               Conj/Pois      #.........   100%        5    ######.


Dungeon Overview and Level Annotations

Branches:
Dungeon (7/15)             Temple (0/1) D:6

Altars:
Cheibriados
Kikubaaqudgha
Vehumet
Wu Jian

Shops:
D:4 ?

Annotations:
D:6 Prince Ribbit


Innate Abilities, Weirdness & Mutations

You are too large for most types of armour.
You have claws for hands.
Your metabolism is lightning-fast.
You like to eat raw meat.
Your natural rate of healing is unusually fast.
You are covered in fur. (AC +1)
You have extremely tough skin. (AC +3)


Message History

* * * LOW HITPOINT WARNING * * *
The killer bee barely misses you.
It was a potion of heal wounds.
You feel much better.
You feel sick. The killer bee stings you.
You are more poisoned.
The killer bee poisons you! The killer bee barely misses you.
Prince Ribbit hits you but does no damage.
The killer bee closely misses you. x2; Prince Ribbit completely misses you.
You closely miss the killer bee.
You feel sick.
The killer bee stings you but does no damage.
The killer bee stings you. The killer bee misses you.
The killer bee closely misses you. Prince Ribbit closely misses you.
You miss the killer bee.
You feel sick. The killer bee stings you!
* * * LOW HITPOINT WARNING * * *
The killer bee stings you.
* * * LOW HITPOINT WARNING * * *
Prince Ribbit hits you!
* * * LOW HITPOINT WARNING * * *
The killer bee stings you.
You die...

....# #.........# ....#
#......[..#
.#############.#.#######
.......#.........#
######.##...##.#.#
#.##...##...#
#.##...###..#
#.###.####Fy# #.#
#.#...y@# #.# #.#.#####
#.###.#.# #.....#.#
#######.# #.# #.# #.#
#.#


You could see Prince Ribbit and 2 killer bees.

Vanquished Creatures
  Sigmund (D:2)
  A hungry ghost (D:5)
  Menkaure (D:6)
  An ice beast (D:6)
  A phantom (D:5)
  3 bullfrogs
  11 scorpions
  A killer bee (D:7)
  A howler monkey (D:5)
  A crimson imp (D:5)
  4 centaur zombies (Ossuary)
  A jelly (D:6)
  2 hounds
  2 human zombies (Ossuary)
  2 orc priests
  2 orc wizards
  2 iguanas
  3 worker ants
  Natasha (thrice) (D:4)
  2 big kobold zombies (Ossuary)
  A hound skeleton (D:5)
  4 mummies
  A worker ant zombie (D:7)
  9 gnolls
  6 scorpion zombies (Ossuary)
  7 adders
  2 river rats (D:4)
  A shadow imp (D:5)
  An ooze (D:3)
  5 worms
  A dart slug (D:3)
  3 leopard geckos
  9 orcs
  3 ball pythons
  6 bats
  3 giant cockroaches
  4 goblins
  5 hobgoblins
  10 jackals
  2 kobolds
  4 quokkas
  3 frilled lizards (D:3)
  A gnoll zombie (Ossuary)
  A goblin zombie (Ossuary)
  A hobgoblin zombie (Ossuary)
  2 kobold zombies (Ossuary)
  A leopard gecko zombie (D:5)
  6 rats
147 creatures vanquished.

Vanquished Creatures (others)
  A gnoll zombie (Ossuary)
1 creature vanquished.

Grand Total: 148 creatures vanquished

Notes
Turn   | Place    | Note
-------+----------+-------------------------------------------
     0 | D:1      | Mrkan the Troll Hunter began the quest for the Orb.
     0 | D:1      | Reached XP level 1. HP: 19/19 MP: 0/0
   127 | D:1      | Reached skill level 1 in Unarmed Combat
   161 | D:1      | Reached XP level 2. HP: 26/28 MP: 1/1
   787 | D:2      | Noticed Sigmund
   806 | D:2      | Killed Sigmund
   806 | D:2      | Reached skill level 4 in Unarmed Combat
   806 | D:2      | Reached XP level 3. HP: 18/36 MP: 2/2
   806 | D:2      | Reached XP level 4. HP: 22/44 MP: 3/3
   806 | D:2      | Reached XP level 5. HP: 26/52 MP: 4/4
  1944 | D:3      | Reached XP level 6. HP: 49/61 MP: 5/5
  2176 | D:3      | Found an ancient bone altar of Kikubaaqudgha.
  2298 | D:4      | Reached skill level 5 in Unarmed Combat
  2373 | D:4      | Found Hutuy's Magic Scroll Boutique.
  2398 | D:4      | Noticed Natasha
  2408 | D:4      | Killed Natasha
  2427 | D:4      | You fall through a shaft!
  2427 | D:5      | Entered Level 5 of the Dungeon
  2580 | D:5      | Reached skill level 6 in Unarmed Combat
  2580 | D:5      | Reached XP level 7. HP: 68/68 MP: 6/6
  2727 | D:4      | Noticed Natasha
  2738 | D:4      | Killed Natasha
  2960 | D:4      | Noticed Natasha
  2969 | D:4      | Killed Natasha
  3165 | D:5      | Noticed a hungry ghost
  3187 | D:5      | Killed a hungry ghost
  3187 | D:5      | Reached skill level 7 in Unarmed Combat
  3253 | D:5      | Found a radiant altar of Vehumet.
  3285 | D:5      | Reached XP level 8. HP: 69/79 MP: 7/7
  3309 | D:5      | Found an ornate altar of the Wu Jian Council.
  3540 | D:5      | Became a worshipper of the Wu Jian Council
  3612 | D:6      | Noticed Menkaure
  3627 | D:6      | Killed Menkaure
  3627 | D:6      | Reached skill level 5 in Fighting
  3762 | D:6      | Found a staircase to the Ecumenical Temple.
  4055 | D:6      | Found a sand-covered staircase.
  4062 | Ossuary  | Entered an ossuary
  4322 | Ossuary  | Reached * piety under Wu Jian
  4404 | Ossuary  | Reached skill level 5 in Throwing
  4442 | Ossuary  | Reached XP level 9. HP: 74/89 MP: 8/8
  4861 | D:7      | Found a snail-covered altar of Cheibriados.
  4932 | D:7      | Noticed Prince Ribbit
  4956 | D:6      | Slain by a killer bee

Skill      XL: |  1  2  3  4  5  6  7  8  9 |
---------------+----------------------------+-----
Unarmed Combat | 1 4 6 7 |  7.6
Fighting       | 2 3 4 5 6 |  6.2
Throwing       | 5 |  5.6
Dodging        | 3 4 |  4.1
Stealth        | |  0.3

Action                   |  1- 3 |  4- 6 |  7- 9 || total
-------------------------+-------+-------+-------++-------
Melee: Unarmed           |    46 |   147 |   322 ||   515
       Punch             |       |       |     8 ||     8
Throw: Large rock        |     2 |     4 |     7 ||    13
Invok: Lunge             |       |       |     9 ||     9
       Whirlwind         |       |       |    14 ||    14
  Use: Scroll            |       |       |    11 ||    11
       Potion            |       |       |     2 ||     2
 Stab: Sleeping          |     1 |     1 |       ||     2
  Eat: Chunk             |     3 |    18 |    34 ||    55
       Ration            |       |     1 |       ||     1
Armor: Robe              |    12 |    59 |    94 ||   165
Dodge: Dodged            |    14 |    73 |   179 ||   266
